AoeStats
← Jok3R

Arabia

507562370Analyzed
1v1 RM · 12d ago on Sep 18, 2026· 48m 18s· 2 players
Game mode
Random Map
Map size
Tiny (2 player)
Population
200
Speed
Normal
Resources
Standard
Victory
Conquest
Starting age
Dark Age
Ending age
Imperial Age
RankedLock teamsTeams togetherTeam positionsShared explorationLock speedFull tech treeHidden civsTurbo modeCheats
Victory
Defeat
🇺🇸 Romans · United States
713
+17
🇩🇪 Maya · Germany
728
-17
Yololo7977
9:09 Loom
11:05 Feudal Age
16:40 Castle Age
16:36 Horse Collar
16:43 Double-Bit Axe
18:40 Town Watch
19:30 Wheelbarrow
20:08 Bow Saw
22:48 Man-at-Arms
23:34 Squires
24:48 Heavy Plow
25:56 Hand Cart
27:32 Long Swordsman
28:38 Scale Mail Armor
28:49 Forging
31:29 Chain Mail Armor
31:50 Iron Casting
36:06 Ballistas
40:25 Imperial Age
39:54 Iron Casting
41:45 Comitatenses
43:09 Legionary
44:39 Heavy Scorpion
46:34 Blast Furnace
Jok3R
7:06 Loom
10:57 Feudal Age
11:28 Horse Collar
11:37 Double-Bit Axe
13:38 Fletching
13:49 Padded Archer Armor
22:57 Castle Age
20:56 Gold Mining
21:47 Town Watch
22:38 Wheelbarrow
25:58 Thumb Ring
26:50 Crossbowman
29:00 Bow Saw
28:45 Stone Mining
30:50 Bodkin Arrow
31:10 Leather Archer Armor
Connection lost

Rejoining the realm…

Still unreachable

The connection could not be restored.

Session expired

The server has moved on; the page needs a fresh start.